 Dungeon Crawl Stone Soup version 0.28.0-49-g6dfe1f597d (webtiles) character file.

Game seed: 10880175207562713615

178 acdeimund the Grave Robber (level 5, -2/40 (42) HPs)
             Began as a Deep Dwarf Necromancer on May 12, 2022.
             Slain by a wight
             ... wielding a +0 spear
              (5 damage)
             ... in the Ecumenical Temple.
             The game lasted 00:16:09 (3838 turns).

acdeimund the Grave Robber (Deep Dwarf Necromancer) Turns: 3838, Time: 00:16:10

HP:   -2/40 (42)    AC:  4    Str: 12    XL:     5   Next: 32%
MP:   6/10          EV: 12    Int: 19    God:
Gold: 58            SH:  0    Dex: 13    Spells: 5/10 levels left

rFire   . . .      SeeInvis .   j - +0 dagger (venom)
rCold   . . .      Faith    .   (no shield)
rNeg    . . .      Spirit   .   h - +0 leather armour of Immeyfez {Int+2}
rPois   .          Reflect  .   (no helmet)
rElec   .          Harm     .   g - scarf {+Inv}
rCorr   .          Rampage  .   b - +0 pair of gloves
Will    .....                   (no boots)
Stlth   ++........              (no amulet)
HPRegen 0.00/turn               (no ring)
MPRegen 0.12/turn               (no ring)

@: lightly drained
A: damage resistance, heal wounds, sense surroundings 1, no regeneration
a: Heal Wounds, Evoke Invisibility


You were in the Ecumenical Temple.
You visited 2 branches of the dungeon, and saw 5 of its levels.

You collected 58 gold pieces.

Inventory:

Hand Weapons
 c - a +1 dagger
 j - a +0 dagger of venom (weapon)
Missiles
 k - 4 boomerangs
Armour
 a - a +0 robe
 b - a +0 pair of gloves (worn)
 g - a scarf of invisibility (worn)
 h - the +0 leather armour of Immeyfez (worn) {Int+2}
   (You found it on level 4 of the Dungeon)

   Int:       It affects your intelligence (+2).
Scrolls
 d - a scroll of identify
 m - a scroll of amnesia
Potions
 e - a potion of attraction
 f - a potion of degeneration {unknown}
 i - 2 potions of ambrosia {unknown}
 l - a potion of flight {unknown}
 o - a potion of berserk rage {unknown}


   Skills:
 - Level 2.4 Dodging
 - Level 2.7 Stealth
 + Level 3.4 Spellcasting
 + Level 5.9 Necromancy


You had 5 spell levels left.
You knew the following spells:

 Your Spells              Type           Power      Damage    Failure   Level
a - Pain                  Necr           100%       1d9       1%          1
b - Animate Skeleton      Necr           50%        N/A       1%          1
c - Vampiric Draining     Necr           25%        2d7       4%          3

Your spell library contained the following spells:

 Spells                   Type           Power      Damage    Failure   Level
 Animate Dead             Necr           12%        N/A       16%         4
 Agony                    Necr           25%        N/A       41%         5


Dungeon Overview and Level Annotations

Branches:
Dungeon (4/15)             Temple (1/1) D:4

Altars:
Cheibriados
Wu Jian

Shops:
D:4 [


Innate Abilities, Weirdness & Mutations

You are resistant to damage.
You can heal yourself by infusing magical energy.
You passively map a small area around you.
You do not regenerate.


Message History

The quokka enters a dispersal trap!
The kobold blinks!
The quokka blinks! x2
The kobold blinks!
You blink.
The quokka blinks!
Okay, then.
The quokka bites you but does no damage. x2
The quokka bites you.
The wight hits you with a +3 short sword.
You feel drained.
The quokka bites you but does no damage.
The kobold enters a dispersal trap!
The quokka blinks! x2; The wight blinks!
The iguana blinks!
The quokka blinks! x3; The wight blinks!
The iguana blinks!
You blink.
The kobold blinks!
The quokka closely misses you. The quokka closely misses you.
The quokka barely misses you.
The quokka twitches its whiskers.
The quokka twitches its whiskers.
A wight comes into view. It is wielding a +0 falchion.
A wight comes into view. It is wielding a +0 spear.
A wight comes into view. It is wielding a +1 morningstar.
The wight hits you with a +0 spear.
You feel drained. The wight hits you but does no damage.
There is a staircase to the Ecumenical Temple here.
The wight hits you but does no damage.
You climb downwards.
Welcome to the Ecumenical Temple!
Found a snail-covered altar of Cheibriados.
There is a staircase back to the Dungeon here.
You hit the wight but do no damage. The wight hits you with a +0 spear.
* * * LOW HITPOINT WARNING * * *
You hit the wight but do no damage. The wight closely misses you.
You completely miss the wight. The wight barely misses you.
You hit the wight.
The wight is lightly damaged.
The wight misses you.
You hit the wight but do no damage.
The wight is lightly damaged.
The wight hits you with a +0 spear!
* * * LOW HITPOINT WARNING * * *
You completely miss the wight.
The wight is lightly damaged.
The wight hits you with a +0 spear!
You die...

#####
####z..####
#....@....#
#.##...##.#
##.## , * _
... , * * ,
... ,,,* *
#._.# , ,,
#...#,,
#####, , ,
, , * *


You could see a wight.

Vanquished Creatures
  A centaur zombie (D:3)
  A jelly (D:4)
  A hound (D:4)
  A hound skeleton (D:4)
  A worm (D:1)
  5 dart slugs
  2 orcs (D:3)
  4 ball pythons
  7 bats
  4 endoplasms
  2 giant cockroaches (D:2)
  10 goblins
  7 hobgoblins
  2 kobolds (D:2)
  2 quokkas (D:2)
  A frilled lizard (D:1)
  4 rats
55 creatures vanquished.

Notes
Turn   | Place    | Note
-------+----------+-------------------------------------------
     0 | D:1      | acdeimund the Deep Dwarf Necromancer began the quest for
                  | the Orb.
     0 | D:1      | Reached XP level 1. HP: 15/15 MP: 3/3
   276 | D:1      | Reached XP level 2. HP: 22/22 MP: 2/4
   278 | D:1      | Learned a level 1 spell: Animate Skeleton
  1077 | D:1      | Found a faded altar of an unknown god.
  1339 | D:2      | Reached XP level 3. HP: 26/28 MP: 1/6
  1343 | D:2      | Learned a level 3 spell: Vampiric Draining
  1911 | D:2      | Reached skill level 5 in Necromancy
  2925 | D:3      | Reached XP level 4. HP: 34/36 MP: 4/8
  3449 | D:3      | Found an ornate altar of the Wu Jian Council.
  3500 | D:4      | Found Wiumeiho's Armour Emporium.
  3528 | D:4      | Identified the +0 leather armour of Immeyfez {Int+2}
  3605 | D:4      | Reached XP level 5. HP: 19/42 MP: 3/9
  3775 | D:4      | Found a staircase to the Ecumenical Temple.
  3832 | Temple   | Entered the Ecumenical Temple
  3838 | Temple   | Slain by a wight

Illustrated notes

Levels and vault maps discovered:
D:1:      eino_arrival_druids_welcome, layout_loops_ring,
          ebering_ecumenical_altar_webs
D:2:      layout_rooms, grunt_ministairs_9, hangedman_decor_riveting,
          chequers_arboretum
D:3:      layout_loops_ring, nzn_wu_jian_council_hall, minmay_misc_feat_pillars,
          st_stairs_3, hex_medium
D:4:      layout_rooms, makhleb_altar_promises_db,
          minmay_temple_entry_statues_fountains, serial_shops,
          nicolae_take_the_stairs, minmay_fractal_squares_gapless_5
Temple:   eino_wide_crystal_templ

Skill      XL: |  1  2  3  4 |
---------------+-------------+-----
Spellcasting   | 2 3 |  3.4
Necromancy     | 5 |  5.9
Dodging        | |  2.4
Stealth        | |  2.7

Action                   |  1- 3 |  4- 6 || total
-------------------------+-------+-------++-------
Melee: Dagger            |     7 |    46 ||    53
 Cast: Pain              |   101 |     9 ||   110
       Vampiric Draining |     9 |     3 ||    12
       Animate Skeleton  |     1 |       ||     1
  Use: Scroll            |       |     4 ||     4
Armor: Robe              |     9 |    15 ||    24
       Leather armour    |       |     7 ||     7
Dodge: Dodged            |    17 |    53 ||    70
